 Dungeon Crawl Stone Soup version 0.28.0-45-g0d030f2227 (webtiles) character file.

Game seed: 131971022247568479

3 MisterFreud the Skirmisher (level 1, -1/19 HPs)
             Began as a Palentonga Fighter on Apr 1, 2022.
             Slain by a quokka (2 damage)
             ... on level 1 of the Dungeon.
             The game lasted 00:00:20 (73 turns).

MisterFreud the Skirmisher (Palentonga Fighter)       Turns: 73, Time: 00:00:21

Health: -1/19      AC:  6    Str: 19    XL:     1   Next: 41%
Magic:  1/1        EV:  7    Int:  8    God:
Gold:   0          SH:  4    Dex:  9    Spells: 0/0 levels left

rFire   . . .      SeeInvis +   a - +0 flail
rCold   . . .      Faith    .   c - +0 buckler
rNeg    . . .      Spirit   .   b - +0 scale mail
rPois   .          Reflect  .   (no helmet)
rElec   .          Harm     .   (no cloak)
rCorr   .          Rampage  .   (no gloves)
Will    .....                   (no barding)
Stlth   ..........              (no amulet)
HPRegen 0.06/turn               (no ring)
MPRegen 0.07/turn               (no ring)

@: no status effects
A: large, rugged brown scales 3, see invisible, deformed body, roll 1, armoured
tail
a: Rolling Charge


You were on level 1 of the Dungeon.
You visited 1 branch of the dungeon, and saw 1 of its levels.

Inventory:

Hand Weapons
 a - a +0 flail (weapon)
Armour
 b - a +0 scale mail (worn)
 c - a +0 buckler (worn)
Potions
 d - a potion of might


   Skills:
 - Level 3.0 Fighting
 + Level 2.2 Maces & Flails
 - Level 2.4 Armour
 - Level 2.4 Shields


You couldn't memorise any spells.
You didn't know any spells.
Your spell library was empty.

Dungeon Overview and Level Annotations

Branches:
Dungeon (1/15)

Altars:


Innate Abilities, Weirdness & Mutations

You are completely covered in rugged brown scales. (AC +3, +7% HP)
You have supernaturally acute eyesight. (SInv)
Armour fits poorly on your strangely shaped body.
You can roll at nearby foes to attack.
You have a long armoured tail.


Message History

You closely miss the quokka. The quokka barely misses you.
The hobgoblin hits you but does no damage.
You block the quokka's attack.
There are monsters nearby!
You closely miss the hobgoblin.
The hobgoblin hits you but does no damage.
The quokka bites you but does no damage.
There are monsters nearby!
You closely miss the hobgoblin. You block the quokka's attack.
The hobgoblin hits you. The quokka bites you.
The hobgoblin hits you but does no damage.
The hobgoblin misses you. The quokka bites you.
You hit the quokka.
The quokka is moderately wounded.
The quokka bites you but does no damage.
You completely miss the quokka.
Your tail-slap misses the quokka.
The quokka is moderately wounded.
The quokka bites you but does no damage.
The quokka barely misses you.
You closely miss the quokka.
The quokka is moderately wounded.
The quokka bites you but does no damage.
You miss the quokka.
The quokka is moderately wounded.
The quokka barely misses you. The quokka bites you.
You miss the quokka.
The quokka is lightly wounded.
The quokka barely misses you. The quokka bites you.
* * * LOW HITPOINT WARNING * * *
You barely miss the quokka.
The quokka is lightly wounded.
The quokka barely misses you.
You closely miss the quokka.
The quokka is lightly wounded.
The quokka bites you.
* * * LOW HITPOINT WARNING * * *
You block the quokka's attack. The quokka bites you.
You die...

# #.....#.#........
#.#..###...........
.................#.#.
#.........#.#.#.## #.
#..###.>#.#.# ##.#.######
#.#.......#.# # #.#.......
#......)..#g# #.#.......
###.####..#r###.##...≈≈≈≈..
#.......@.....##..≈≈≈≈≈≈.
######..#.######..≈≈><≈≈.
#..### #..≈.≈≈≈≈.
##..########...≈≈≈≈..
#...................#
#........###..####..#
#...####............#
#.##..........####...
#.##.........#.....#.


You could see a quokka and a hobgoblin.

Vanquished Creatures
  A goblin (D:1)
  A kobold (D:1)
  A frilled lizard (D:1)
3 creatures vanquished.

Notes
Turn   | Place    | Note
-------+----------+-------------------------------------------
     0 | D:1      | MisterFreud the Palentonga Fighter began the quest for the
                  | Orb.
     0 | D:1      | Reached XP level 1. HP: 19/19 MP: 1/1
    73 | D:1      | Slain by a quokka

Illustrated notes

Levels and vault maps discovered:
D:1:      dpeg_arrival_pits, layout_basic

Action                   || total
-------------------------++-------
Melee: Flail             ||    27
       Tailslap          ||     1
 Abil: Rolling Charge    ||     2
Armor: Scale mail        ||    15
Dodge: Dodged            ||    15
Block: Buckler           ||     5
